Map: Berlingrad LE

Players

RustyShacky

  • Race: Terran Terran
  • League: Gold

A.I. 1 (Very Easy) - Winner!

  • Race: Protoss Protoss

VOD

Have the link to the VOD?

Description

Time

  • Played on: Feb. 15, 2022, 12:51 a.m.
  • Length: 10:11
Show
View Real Time Build Order
Export as new Build Order

RustyShacky Terran 

Build Orders:  

Get SALT Encoding   

  12  0:00  SCV  
  13  0:12  SCV  
  14  0:17  Supply Depot  
  14  0:24  SCV  
  15  0:38  SCV  
  15  0:41  Barracks  
  16  0:44  Refinery  
  16  0:51  SCV  
  17  1:03  SCV  
  18  1:16  SCV  
  19  1:28  Marine  
  19  1:29  Orbital Command  
  20  1:41  Command Center  
  20  1:47  Barracks Reactor  
  20  1:54  SCV  
  20  1:57  Supply Depot  
  21  2:06  SCV  
  22  2:14  Factory  
  22  2:19  SCV  
  23  2:23  Marine  
  23  2:24  Marine  
  23  2:26  Bunker  
  25  2:31  SCV  
  25  2:32  Refinery  
  26  2:43  SCV  
  27  2:53  Orbital Command  
  27  2:55  SCV  
  27  2:57  Factory Tech Lab  
  28  2:59  Starport  
  28  3:07  SCV  
  29  3:19  Siege Tank  
  33  3:20  SCV  
  33  3:23  SCV  
  34  3:32  SCV  
  35  3:35  SCV, Supply Depot  
  36  3:41  Viking  
  36  3:44  SCV, Marine x2  
  36  3:48  SCV  
  42  3:55  Siege Tank  
  45  3:56  SCV  
  45  3:58  Supply Depot  
  45  4:00  SCV  
  45  4:02  Barracks  
  47  4:04  Barracks  
  47  4:10  SCV  
  47  4:12  Marine x2  
  47  4:14  Starport Tech Lab  
  47  4:16  SCV  
  51  4:22  SCV, Engineering Bay  
  52  4:27  Siege Tank  
  55  4:38  SCV  
  55  4:39  SCV  
  55  4:44  Starport Reactor, Refinery  
  57  4:47  Supply Depot  
  57  4:51  SCV x2  
  59  4:58  Terran Infantry Weapons Level 1  
  59  5:06  SCV x2  
  61  5:09  Factory Tech Lab  
  61  5:12  Refinery  
  61  5:14  Supply Depot  
  61  5:18  SCV x2  
  61  5:20  Supply Depot  
  63  5:22  Barracks, Stimpack  
  63  5:23  Barracks  
  63  5:25  Combat Shield  
  63  5:26  Command Center, Marine x4  
  67  5:37  SCV x2  
  67  5:39  Siege Tank  
  67  5:41  Supply Depot  
  72  5:43  Supply Depot  
  72  5:45  Marine  
  72  5:46  Marine x3  
  76  5:51  Medivac  
  78  5:58  Medivac  
  82  6:04  Supply Depot  
  82  6:05  Supply Depot  
  82  6:09  Barracks Tech Lab  
  82  6:10  Barracks Reactor  
  80  6:13  Supply Depot  
  80  6:16  Engineering Bay  
  80  6:17  Armory  
  80  6:27  Siege Tank  
  80  6:28  Marine x5  
  88  6:33  SCV  
  88  6:34  SCV  
  88  6:38  Supply Depot  
  88  6:39  Supply Depot  
  90  6:46  Marauder x2, SCV x2  
  90  6:47  Marauder, Concussive Shells  
  98  6:50  Terran Infantry Armor Level 1  
  98  6:57  Supply Depot  
  98  6:59  Viking  
  100  7:02  Viking  
  100  7:07  Orbital Command  
  100  7:08  SCV  
  103  7:09  SCV  
  103  7:12  Siege Tank  
  107  7:27  Terran Infantry Weapons Level 2  
  107  7:28  Refinery x2  
  107  7:31  SCV x2  
  107  7:32  SCV  
  110  7:37  Terran Vehicle Weapons Level 1  
  110  7:38  Marine x6  
  110  7:39  Marine  
  110  7:43  SCV x2  
  119  7:44  SCV  
  119  7:49  Siege Tank  
  123  7:59  Supply Depot x2  
  123  8:00  Supply Depot  
  123  8:01  Barracks  
  123  8:02  Barracks  
  123  8:03  SCV x2  
  123  8:04  SCV, Barracks  
  126  8:08  Medivac x2  
  130  8:15  Marauder x3, SCV x2, Marine x2  
  130  8:16  SCV  
  130  8:17  Marine  
  142  8:21  Marine  
  142  8:22  Siege Tank  
  146  8:33  SCV x3  
  149  8:38  Marauder x3  
  149  8:40  Viking  
  149  8:41  Viking  
  159  8:42  Marine x4  
  163  8:50  Barracks Tech Lab  
  163  8:51  Barracks Reactor, Barracks Tech Lab  
  163  9:03  Cyclone  
  166  9:11  Marauder  
  166  9:12  Marauder x2  
  166  9:13  Marauder  
  166  9:15  Marauder  
  166  9:16  Supply Depot  
  176  9:18  Viking  
  176  9:22  Supply Depot  
  176  9:23  Viking, Supply Depot  
  180  9:24  Command Center  
  180  9:29  Marine x6  
  186  9:32  Marine x2  
  186  9:33  Marine  
  186  9:37  Marine  
  190  9:43  Marauder  
  195  9:47  Marine x5  
  200  10:04  Factory  
Show
View Real Time Build Order
Export as new Build Order

A.I. 1 (Very Easy) Protoss - Winner!

Build Orders:  

Get SALT Encoding   

  12  0:00  Probe  
  13  0:13  Probe  
  14  0:19  Pylon  
  14  0:37  Assimilator  
  14  0:42  Gateway  
  14  0:46  Pylon  
  14  1:13  Assimilator  
  14  1:22  Probe  
  14  1:30  Probe  
  14  1:32  Zealot, Cybernetics Core  
  17  1:38  Probe  
  19  1:48  Probe  
  20  1:58  Warp Gate  
  20  1:59  Probe  
  21  2:07  Probe  
  22  2:44  Stalker  
  24  7:11  Probe  
  25  7:16  Adept  
  25  7:17  Pylon  
  25  7:19  Probe  
  25  7:20  Robotics Facility  
  27  7:23  Nexus  
  27  7:27  Probe  
  25  8:00  Observer  
  26  8:13  Stalker  
  26  8:14  Observer  
  29  8:34  Probe  
  30  8:43  Probe  
  30  8:44  Assimilator  
  30  8:46  Probe  
  30  8:47  Assimilator  
  32  8:58  Probe  
  33  9:05  Probe  
  33  9:09  Zealot  
  36  9:12  Probe  
  37  9:19  Probe  
  38  9:24  Probe  
  39  9:31  Probe  
  39  9:37  Probe  
  40  9:44  Probe  
  42  9:55  Probe  
Tags
 
Add a new tag
Caveats
  • Supply blocks, unpowered buildings, or Contaminate may cause inaccurate times.
  • Supply counts are checked every 10 seconds.